 Dungeon Crawl Stone Soup version 0.31-a0-128-g25add195a6 (webtiles) character file.

Game seed: 776864620833732259

243 Newt the Shooter (level 6, 0/40 HPs)
             Began as a Kobold Hunter on June 1, 2023.
             Slain by an orc
             ... wielding a +0 trident
              (2 damage)
             ... on level 3 of the Dungeon.
             The game lasted 00:01:39 (2183 turns).

Newt the Shooter (Kobold Hunter)                    Turns: 2183, Time: 00:01:40

Health: 0/40       AC: 16    Str:  9    XL:     6   Next: 31%
Magic:  6/6        EV:  2    Int: 10    God:
Gold:   86         SH:  0    Dex: 20    Spells: 5/5 levels left

rFire   + + .        a - +0 shortbow
rCold   . . .        (shield currently unavailable)
rNeg    . . .        l - +6 plate armour of Ofoap {rF++ rCorr}
rPois   .            (no helmet)
rElec   .            (no cloak)
rCorr   +            (no gloves)
SInv    .            (no boots)
Will    .....        f - amulet of regeneration Stlth
                     (no ring)
HPRegen 1.06/turn    (no ring)
MPRegen 0.10/turn

%: no passive effects
@: brilliant
A: small, no large weapons, nightstalker 3
a: no special abilities


You were on level 3 of the Dungeon.
You visited 1 branch of the dungeon, and saw 3 of its levels.

You collected 86 gold pieces.

Inventory:

Hand Weapons
 a - a +0 shortbow (weapon)
Armour
 c - a +0 leather armour
 l - the +6 plate armour of Ofoap (worn) {rF++ rCorr}
   (You found it on level 2 of the Dungeon)

   rF:        It greatly protects you from fire.
   rCorr:     It protects you from acid and corrosion.
Jewellery
 f - an amulet of regeneration (around neck)
Scrolls
 b - a scroll of butterflies
 d - a scroll of immolation {unknown}
 m - a scroll of identify {unknown}
Potions
 e - a potion of ambrosia {unknown}
 g - a potion of might {unknown}
 i - a potion of brilliance
 j - a potion of mutation {unknown}
 k - 2 potions of enlightenment {unknown}
 n - a potion of degeneration {unknown}


   Skills:
 - Level 5.0 Fighting
 + Level 7.7 Ranged Weapons
 - Level 2.4 Dodging
 - Level 1.3 Stealth


You had 5 spell levels left.
You didn't know any spells.
Your spell library contained the following spells:

 Spells                   Type           Power      Damage    Failure   Level
 Foxfire                  Conj/Fire      0%         2x1d4     100%        1
 Ensorcelled Hibernation  Hex/Ice        0%         N/A       100%        2
 Passwall                 Tmut/Erth      0%         N/A       100%        2
 Ozocubu's Armour         Ice            0%         N/A       100%        3
 Swiftness                Air            0%         N/A       100%        3
 Flame Wave               Conj/Fire      0%         2d4       100%        4
 Sticky Flame             Conj/Fire      0%         2d3       100%        4
 Metabolic Englaciation   Hex/Ice        0%         N/A       100%        5
 Plasma Beam              Fire/Air       0%         2x1d10    100%        6
 Simulacrum               Ice/Necr       0%         N/A       100%        6


Dungeon Overview and Level Annotations

Branches:
Dungeon (3/15)

Altars:
Kikubaaqudgha
Okawaru


Innate Abilities, Weirdness & Mutations

You are small and have problems with some larger weapons.
You are completely attuned to the shadows.


Message History

The orc hits you but does no damage. x2
The orc priest invokes the aid of Beogh against you.
You barely resist. The orc hits you but does no damage. x2
Unknown command.
You shoot an arrow.
The arrow closely misses the orc priest.
The orc priest looks satisfied for a moment.
The orc barely misses you. x2
The orc priest hits you with a +0 flail.
The orc hits you but does no damage.
The orc hits you from afar with a +0 trident.
You shoot an arrow.
The arrow hits the orc priest but does no damage.
The orc priest hits you with a +0 flail!
The orc hits you but does no damage. x2
The orc priest begins to cast a cantrip, but forgets the words!
The orc hits you but does no damage. x2
Unknown command.
You shoot an arrow. The arrow hits the orc priest.
The orc priest is moderately wounded.
The orc priest hits you with a +0 flail!
* * * LOW HITPOINT WARNING * * *
The orc hits you but does no damage. x2
The orc priest hits you but does no damage.
The orc barely misses you. The orc hits you but does no damage.
You shoot an arrow. The arrow hits the orc priest!
You kill the orc priest!
The orc hits you from afar with a +0 trident.
* * * LOW HITPOINT WARNING * * *
The orc hits you but does no damage.
The orc hits you from afar with a +0 trident.
* * * LOW HITPOINT WARNING * * *
The orc hits you with a +0 hand axe.
* * * LOW HITPOINT WARNING * * *
Unknown command.
Unknown command.
It was a potion of brilliance.
You feel clever all of a sudden.
The orc hits you from afar with a +0 trident.
You die...

#.......##..
.......(#####.....
......#.# ##.##..
.....##.# ##......
.....##.# #.†...##
........###.......
####.##.[...<...##
###.##.....###.#
#...##...o@# .#
#.##......)###.##
#.##.##.##.o....#
#(##.##.#....)...
#.##.##.#.#......
.....##.#.#.#...#
#.#.#......
#...... #....


You could see 2 orcs.

Vanquished Creatures
  Sigmund (D:2)
  An orc priest (D:3)
  2 orcs (D:3)
  2 endoplasms (D:1)
  4 giant cockroaches
  2 goblins (D:1)
  5 hobgoblins
  4 jackals (D:1)
  2 kobolds
  A quokka (D:1)
  5 ball pythons
  4 bats
  8 rats
41 creatures vanquished.

Notes
Turn   | Place    | Note
-------+----------+-------------------------------------------
     0 | D:1      | Newt the Kobold Hunter began the quest for the Orb.
     0 | D:1      | Reached XP level 1. HP: 12/12 MP: 1/1
   149 | D:1      | Reached XP level 2. HP: 18/18 MP: 2/2
   268 | D:1      | Reached XP level 3. HP: 23/23 MP: 3/3
  1331 | D:2      | Identified the +6 plate armour of Ofoap {rF++ rCorr}
  1604 | D:2      | Found an iron altar of Okawaru.
  1605 | D:2      | Noticed Sigmund
  1616 | D:2      | Killed Sigmund
  1617 | D:2      | Reached skill level 5 in Fighting
  1617 | D:2      | Reached skill level 7 in Ranged Weapons
  1617 | D:2      | Reached XP level 4. HP: 21/31 MP: 4/4
  1617 | D:2      | Reached XP level 5. HP: 24/35 MP: 5/5
  1617 | D:2      | Reached XP level 6. HP: 28/40 MP: 6/6
  1903 | D:3      | Found an ancient bone altar of Kikubaaqudgha.
  2090 | D:3      | Got the Quarto of the Lost Towns
  2182 | D:3      | HP: 1/40 [orc/+0 hand axe (3)]
  2183 | D:3      | Slain by an orc

Illustrated notes

Levels and vault maps discovered:
D:1:      kennysheep_arrival_seaside, layout_loops_corners
D:2:      layout_rooms, basic_altar, serial_bayou_crossing, uniq_sigmund
D:3:      cheibrodos_pilgrimage, layout_loops_ring, kiku_gazebo_pond_becter

Skill      XL: |  1  2  3 |
---------------+----------+-----
Fighting       | 3 5 |  5.0
Ranged Weapons | 7 |  7.7
Dodging        | |  2.4
Stealth        | |  1.3

Action                     |  1- 3 |  4- 6 || total
---------------------------+-------+-------++-------
   Fire: Shortbow          |    78 |    25 ||   103
    Use: Scroll            |     2 |       ||     2
         Potion            |     1 |     1 ||     2
 Armour: Leather armour    |    10 |       ||    10
         Plate armour      |     4 |    39 ||    43
  Dodge: Dodged            |    58 |     9 ||    67

Table legend: (Time is in decaauts)
 A = Elapsed time spent in this place.
 B = Non-inter-level travel time spent in this place.
 C = Inter-level travel time spent in this place.
 D = Time resting spent in this place.
 E = Time spent auto-exploring this place.
 F = Levels seen in this place.
 G = Mean time per level.
                   A        B        C        D        E       F      G
               +--------+--------+--------+--------+--------+-----+--------+
         Total |   2251 |   2151 |    100 |      0 |   1893 |   3 |  750.3 |
       Dungeon |   2251 |   2151 |    100 |      0 |   1893 |   3 |  750.3 |
               +--------+--------+--------+--------+--------+-----+--------+

Top non-repeatable levels by time:
     D:1: 1237 daAuts
     D:2: 625 daAuts
     D:3: 388 daAuts
